 Dungeon Crawl Stone Soup version 0.30-a0-918-g0ff054e9dc (webtiles) character file.

Game seed: 7518459912108875847

1113 jimonade the Shooter (level 8, -9/60 HPs)
             Began as a Formicid Hunter on Mar 19, 2023.
             Was an Initiate of the Shining One.
             Mangled by a wraith (12 damage)
             ... on level 7 of the Dungeon on Mar 20, 2023.
             The game lasted 00:16:25 (5288 turns).

jimonade the Shooter (Formicid Hunter)              Turns: 5288, Time: 00:16:26

Health: -9/60      AC:  6    Str: 17    XL:     8   Next: 60%
Magic:  12/12      EV: 11    Int: 10    God:    the Shining One [......]
Gold:   318        SH:  0    Dex: 17    Spells: 13/13 levels left

rFire   . . .      SeeInvis +    a - +0 shortbow
rCold   . . .      Faith    .    (no shield)
rNeg    . . .      Spirit   .    l - +0 ring mail
rPois   .          Reflect  .    (helmet unavailable)
rElec   .          Rampage  .    (no cloak)
rCorr   .                        g - +0 pair of gloves
Will    .....                    (no boots)
Stlth   +                        r - amulet of regeneration
HPRegen 1.10/turn                (no ring)
MPRegen 0.13/turn                (no ring)

@: glowing
A: permanent stasis, dig shafts and tunnels, antennae 3, four strong arms
a: Dig, Shaft Self, Renounce Religion


You were on level 7 of the Dungeon.
You worshipped the Shining One.
The Shining One was noncommittal.
You visited 2 branches of the dungeon, and saw 8 of its levels.

You collected 318 gold pieces.

Inventory:

Hand Weapons
 a - a +0 shortbow (weapon)
 u - a +2 hammer of protection
 y - a +1 short sword of holy wrath
 K - a +0 shortbow
Missiles
 h - 18 poisoned darts
Armour
 c - a +0 leather armour
 g - a +0 pair of gloves (worn)
 l - a +0 ring mail (worn)
 m - an orb of mayhem
Magical Staves
 x - a staff of earth
Jewellery
 r - an amulet of regeneration (around neck)
 w - an amulet of magic regeneration
Wands
 J - a wand of flame (20)
Scrolls
 b - 3 scrolls of immolation
 e - a scroll of enchant armour {unknown}
 i - 3 scrolls of teleportation {unknown}
 j - 4 scrolls of identify {unknown}
 k - a scroll of poison {unknown}
 n - a scroll of silence {unknown}
 o - 2 scrolls of enchant weapon {unknown}
 p - 2 scrolls of torment {unknown}
 s - a scroll of magic mapping {unknown}
 z - a scroll of vulnerability {unknown}
 A - a scroll of butterflies {unknown}
 F - a scroll of noise {unknown}
 G - a scroll of amnesia {unknown}
 I - a scroll of brand weapon {unknown}
Potions
 d - 2 potions of flight {unknown}
 f - 4 potions of curing {unknown}
 q - 2 potions of magic {unknown}
 t - 2 potions of might {unknown}
 v - 2 potions of heal wounds {unknown}
 B - a potion of ambrosia {unknown}
 C - 4 potions of lignification {unknown}
 D - a potion of attraction {unknown}
 E - 2 potions of berserk rage {unknown}
 H - a potion of degeneration {unknown}


   Skills:
 + Level 3.6 Fighting
 + Level 7.7 Ranged Weapons
 + Level 3.5 Armour
 + Level 2.1 Dodging
 + Level 1.7 Stealth
 * Level 3.0 Spellcasting
 * Level 2.0 Ice Magic
 - Level 3.3 Poison Magic


You had 13 spell levels left.
You didn't know any spells.
Your spell library contained the following spells:

 Spells                   Type           Power      Damage    Failure   Level
 Poisonous Vapours        Pois/Air       8%         N/A       36%         2
 Cigotuvi's Dreadful Rot  Necr/Pois/Air  6%         N/A       43%         2
 Kiss of Death            Conj/Necr      4%         2d5       45%         1
 Ozocubu's Armour         Ice            5%         N/A       54%         3
 Mephitic Cloud           Conj/Pois/Air  3%         N/A       67%         3
 Confusing Touch          Hex            1%         N/A       83%         3
 Dispel Undead            Necr           1%         3d6       99%         4
 Ozocubu's Refrigeration  Ice            2%         4d8       100%        7


Dungeon Overview and Level Annotations

Branches:
Dungeon (7/15)             Temple (1/1) D:5

Altars:
Ashenzari
Cheibriados
Dithmenos
Elyvilon
Fedhas
Gozag
Kikubaaqudgha
Makhleb
Nemelex Xobeh
Qazlal
Ru
Vehumet
Wu Jian
Yredelemnul
The Shining One

Shops:
D:2 *

Annotations:
D:2 1 runed translucent door, Crazy Yiuf


Innate Abilities, Weirdness & Mutations

You cannot be hasted, slowed, berserked, paralysed or teleported.
You can dig through walls and to a lower floor.
You have a pair of large antennae on your head. (SInv)
Your four strong arms can wield two-handed weapons with a shield.


Message History

The wraith barely misses you.
Fire: a) +0 shortbow
Press: ? - help, Q - select action, (/) - cycle Shift-Dir - straight line, f/p - wraith
Aim: a wraith (heavily damaged, haloed, 81% to hit)
You shoot an arrow. The arrow hits the wraith!
The wraith is almost destroyed.
The wraith barely misses you. The wraith closely misses you.
Fire: a) +0 shortbow
Press: ? - help, Q - select action, (/) - cycle Shift-Dir - straight line, f/p - wraith
Aim: a wraith (almost destroyed, haloed, 81% to hit)
You shoot an arrow. The arrow barely misses the wraith.
The wraith hits you!
* * * LOW HITPOINT WARNING * * *
The wraith drains your vigour!
Your stasis prevents you from being slowed.
Fire: a) +0 shortbow
Press: ? - help, Q - select action, (/) - cycle Shift-Dir - straight line, f/p - wraith
Aim: a wraith (almost destroyed, haloed, 81% to hit)
You shoot an arrow.
The arrow hits the wraith but does no damage.
The wraith is almost destroyed.
The wraith hits you.
* * * LOW HITPOINT WARNING * * *
Fire: a) +0 shortbow
Press: ? - help, Q - select action, (/) - cycle Shift-Dir - straight line, f/p - wraith
Aim: a wraith (almost destroyed, haloed, 81% to hit)
You shoot an arrow.
The arrow hits the wraith but does no damage.
The wraith is almost destroyed.
The wraith hits you.
* * * LOW HITPOINT WARNING * * *
The wraith drains your vigour!
Your stasis prevents you from being slowed.
Fire: a) +0 shortbow
Press: ? - help, Q - select action, (/) - cycle Shift-Dir - straight line, f/p - wraith
Aim: a wraith (almost destroyed, haloed, 81% to hit)
You shoot an arrow. The arrow hits the wraith.
The wraith is almost destroyed.
The wraith hits you!
You die...

.## #.# #.#.. ..####.# {{
#... ...#...# {{ { #..#
.....#.# { { #..## ....##.#
{ #.#.## .....W.## ##....##
...##...## ##......##
..####...#########.......<##
.## #.........W@.....)....#
..# #######...##..........#
#..# #............>...# ###
#####.############ ###


You could see a wraith.

Vanquished Creatures
  An orc warrior (D:4)
  A centaur (D:6)
  A phantom (D:6)
  2 bullfrogs (D:6)
  Blork the orc (D:5)
  2 scorpions (D:5)
  A jelly (D:4)
  A hound (D:6)
  An orc priest (D:5)
  A gnoll bouda (D:6)
  2 orc wizards (D:5)
  Terence (D:2)
  3 iguanas
  6 gnolls
  8 adders
  An ufetubus (D:4)
  3 worms
  3 dart slugs
  16 orcs
  5 bats
  11 endoplasms
  4 giant cockroaches
  6 hobgoblins
  10 jackals
  9 kobolds
  3 quokkas
  10 ball pythons
  3 frilled lizards (D:2)
  8 goblins
  10 rats
134 creatures vanquished.

Notes
Turn   | Place    | Note
-------+----------+-------------------------------------------
     0 | D:1      | jimonade the Formicid Hunter began the quest for the Orb.
     0 | D:1      | Reached XP level 1. HP: 16/16 MP: 1/1
    52 | D:1      | Reached XP level 2. HP: 22/22 MP: 2/2
   140 | D:1      | Reached XP level 3. HP: 11/27 MP: 3/3
   327 | D:1      | Reached skill level 5 in Ranged Weapons
   529 | D:1      | Reached XP level 4. HP: 34/34 MP: 4/4
   768 | D:2      | You fall into a shaft and drop 1 floor!
  1032 | D:3      | Found a snail-covered altar of Cheibriados.
  1250 | D:3      | Reached XP level 5. HP: 39/39 MP: 5/5
  1495 | D:3      | Reached skill level 1 in Poison Magic
  1694 | D:2      | Found Gomaekh's Assorted Antiques.
  1734 | D:2      | Noticed Terence
  1760 | D:2      | Killed Terence
  1761 | D:2      | Reached skill level 6 in Ranged Weapons
  2316 | D:2      | Found a runed translucent door.
  2317 | D:2      | Noticed Crazy Yiuf
  2483 | D:4      | Reached XP level 6. HP: 46/46 MP: 7/7
  2559 | D:4      | Upgraded the game from 0.30-a0-913-g9934a0ce24 to
                  | 0.30-a0-918-g0ff054e9dc
  2621 | D:4      | Noticed an orc warrior
  2683 | D:4      | Killed an orc warrior
  2684 | D:4      | Reached skill level 1 in Armour
  2684 | D:4      | Reached skill level 1 in Spellcasting
  2963 | D:4      | Reached XP level 7. HP: 52/52 MP: 7/9
  3322 | D:5      | Entered Level 5 of the Dungeon
  3332 | D:5      | Noticed Blork the orc
  3340 | D:5      | Killed Blork the orc
  3366 | D:5      | Found an ancient bone altar of Kikubaaqudgha.
  3420 | D:5      | Found a staircase to the Ecumenical Temple.
  3427 | Temple   | Entered the Ecumenical Temple
  3515 | Temple   | Became a worshipper of the Shining One
  3645 | D:5      | Reached skill level 7 in Ranged Weapons
  4157 | D:6      | Reached skill level 1 in Ice Magic
  4244 | D:6      | Reached XP level 8. HP: 44/58 MP: 11/11
  4725 | D:6      | Found a stormy altar of Qazlal.
  5235 | D:7      | Noticed a wraith
  5286 | D:7      | HP: 3/60 [wraith (5)]
  5287 | D:7      | HP: 1/60 [wraith (3)]
  5288 | D:7      | Mangled by a wraith

Illustrated notes

Levels and vault maps discovered:
D:1:      dpeg_arrival_tiny_j, layout_basic, st_stairs_9
D:2:      kennysheep_six_static_rooms, layout_basic, serial_shops, shop,
          uniq_crazy_yiuf_cottage, uniq_terence
D:3:      layout_rooms, mainiacjoe_overflow_concentric_impassable
D:4:      layout_rooms, kennysheep_dice
D:5:      layout_loops_ring, mainiacjoe_overflow_chevrons, temple_green,
          uniq_blork_the_orc
D:6:      layout_basic, kennysheep_mini
D:7:      layout_cave_pods, amcnicky_altar_gilded, serial_gnoll_camp,
          gnoll_camp_medium_01, gnoll_camp_mini_house, gnoll_camp_mini_hut,
          gnoll_camp_medium_02, uniq_joseph
Temple:   nicolae_temple_bog_church

Skill      XL: |  1  2  3  4  5  6  7  8 |
---------------+-------------------------+-----
Ranged Weapons | 5 6 7 |  7.7
Poison Magic   | 2 3 |  3.3
Armour         | 1 2 3 |  3.5
Spellcasting   | 1 2 3 |  3.0
Fighting       | 3 |  3.6
Dodging        | 2 |  2.1
Ice Magic      | 1 2 |  2.0
Stealth        | |  1.7

Action                     |  1- 3 |  4- 6 |  7- 9 || total
---------------------------+-------+-------+-------++-------
   Fire: Shortbow          |    83 |   272 |   211 ||   566
 Armour: Leather armour    |     3 |     2 |       ||     5
         Ring mail         |       |    51 |    47 ||    98
  Dodge: Dodged            |    33 |   114 |    83 ||   230

Table legend: (Time is in decaauts)
 A = Elapsed time spent in this place.
 B = Non-inter-level travel time spent in this place.
 C = Inter-level travel time spent in this place.
 D = Time resting spent in this place.
 E = Time spent auto-exploring this place.
 F = Levels seen in this place.
 G = Mean time per level.
                   A        B        C        D        E       F      G
               +--------+--------+--------+--------+--------+-----+--------+
         Total |   5451 |   5243 |    208 |    327 |   2860 |   8 |  681.4 |
       Dungeon |   5339 |   5157 |    182 |    327 |   2788 |   7 |  762.7 |
        Temple |    111 |     85 |     26 |      0 |     72 |   1 |  111.0 |
               +--------+--------+--------+--------+--------+-----+--------+

Top non-repeatable levels by time:
     D:6: 1049 daAuts
     D:2: 1004 daAuts
     D:4: 896 daAuts
     D:1: 771 daAuts
     D:3: 763 daAuts
     D:5: 722 daAuts
     D:7: 132 daAuts
  Temple: 111 daAuts
